 Dungeon Sprint DCSS version 0.31.0-32-g396128a36d (webtiles) character file.

Game seed: 10824725969092559667

274 Heoruswealwe the Spear-Bearer (level 6, -5/62 HPs)
             Began as a Minotaur Fighter on Mar 8, 2024.
             Slain by a two-headed ogre
             ... wielding a +0 giant spiked club
              (17 damage)
             ... in the Dungeon (Sprint IX: "|||||||||||||||||||||||||||||").
             The game lasted 00:01:00 (98 turns).

Heoruswealwe the Spear-Bearer (Minotaur Fighter)      Turns: 98, Time: 00:01:00

Health: -5/62      AC:  8    Str: 22    XL:     6   Next: 3%
Magic:  5/5        EV:  9    Int:  5    God:
Gold:   0          SH:  4    Dex: 10    Spells: 5/5 levels left

rFire   . . .        a - +0 trident
rCold   . . .        d - +0 buckler
rNeg    . . .        c - +0 scale mail
rPois   .            (helmet restricted)
rElec   .            (no cloak)
rCorr   .            (no gloves)
SInv    .            (no boots)
Will    .....        (no amulet) Stlth
                     (no ring)
HPRegen 0.30/turn    (no ring)
MPRegen 0.09/turn

%: no teleportation
@: no status effects
A: horns 2, retaliatory headbutt
a: no special abilities


You were in the Dungeon.
You visited 1 branch

Inventory:

Hand Weapons
 a - a +0 trident (weapon)
Armour
 c - a +0 scale mail (worn)
 d - a +0 buckler (worn)
Jewellery
 n - a +3 ring of dexterity
 o - a +3 ring of intelligence
Wands
 m - a wand of iceblast (10)
Scrolls
 k - 2 scrolls of amnesia
 l - a scroll of blinking
Potions
 b - a potion of might
 e - 5 potions of curing
 f - 3 potions of heal wounds
 g - a potion of haste
 h - 2 potions of magic
 i - a potion of berserk rage
 j - a potion of invisibility


   Skills:
 + Level 8.3 Fighting
 * Level 10.8 Polearms
 + Level 8.3 Armour
 - Level 3.6 Shields


You had 5 spell levels left.
You didn't know any spells.
Your spell library was empty.

Dungeon Overview and Level Annotations

Branches:
Dungeon (1/1)

Altars:
Cheibriados
Dithmenos
Elyvilon
Fedhas
Gozag
Hepliaklqana
Kikubaaqudgha
Makhleb
Nemelex Xobeh
Okawaru
Qazlal
Ru
Sif Muna
Trog
Uskayaw
Vehumet
Wu Jian
Xom
Yredelemnul
Zin
The Shining One
Jiyva
Lugonu


Innate Abilities, Weirdness & Mutations

You have a pair of horns on your head.
You reflexively headbutt those who attack you in melee.


Message History

You open the door.
Found five items.
Found a +0 plate armour.
There is an open door here.
Found a +3 ring of dexterity.
j - a potion of invisibility;
f - 3 potions of heal wounds (gained 2)
e - 5 potions of curing (gained 4)
You see here 2 potions of magic.
Found a +3 ring of intelligence.
k - 2 scrolls of amnesia;
l - a scroll of blinking
m - a wand of iceblast (10)
Items here: )))))).
Okay, then.
You see here a +0 pair of boots.
You see here a +0 pair of gloves.
You see here a +0 plate armour.
n - a +3 ring of dexterity
o - a +3 ring of intelligence You open the door.
A komodo dragon, a killer bee, a troll, a yak, an orc wizard and a two-headed ogre come into view.
The killer bee buzzes angrily.
The troll shouts!
The orc wizard shouts!
You puncture the two-headed ogre!
Your headbutt misses the two-headed ogre.
The two-headed ogre is lightly wounded.
The two-headed ogre hits you with a +0 giant spiked club!
The two-headed ogre hits you with a +0 giant club!!
* * * LOW HITPOINT WARNING * * *
The orc wizard casts a spell.
The orc wizard flickers and vanishes!
Deactivating autopickup; reactivate with Ctrl-A.
You hit the two-headed ogre but do no damage.
You headbutt the two-headed ogre.
The two-headed ogre is moderately wounded.
The two-headed ogre closely misses you. You block the two-headed ogre's attack.
You hit the two-headed ogre.
The two-headed ogre is moderately wounded.
You puncture the two-headed ogre!
The two-headed ogre is severely wounded.
The two-headed ogre hits you with a +0 giant spiked club!
You die... ▓▓▓▓▓▓▓▓▓▓▓▓▓▓▓▓▓▓▓▓▓▓▓▓ .lyTY{O@.[[[.).!'_______ ▓▓▓▓▓▓▓▓▓▓▓▓▓▓▓▓▓▓▓▓▓▓▓▓

You could see a two-headed ogre, a komodo dragon, a yak, a troll and a killer bee.

Vanquished Creatures
  A water moccasin (D)
  An ogre (D)
  A phantom (D)
  An ufetubus (D)
  An orc (D)
  An endoplasm (D)
  3 giant cockroaches (D)
  A bat (D)
10 creatures vanquished.

Notes
Turn   | Place    | Note
-------+----------+-------------------------------------------
     0 | D        | Heoruswealwe the Minotaur Fighter began the quest for the
                  | Orb.
     0 | D        | Reached XP level 1. HP: 19/19 MP: 0/0
     5 | D        | Reached skill level 3 in Polearms
    16 | D        | Noticed a phantom
    16 | D        | Noticed a water moccasin
    16 | D        | Noticed an ogre
    20 | D        | Reached skill level 4 in Polearms
    20 | D        | Reached XP level 2. HP: 28/28 MP: 1/1
    32 | D        | Killed a phantom
    33 | D        | Reached skill level 7 in Polearms
    33 | D        | Reached XP level 3. HP: 34/37 MP: 2/2
    33 | D        | Reached XP level 4. HP: 41/44 MP: 3/3
    40 | D        | Killed a water moccasin
    41 | D        | Reached skill level 9 in Polearms
    41 | D        | Reached XP level 5. HP: 38/52 MP: 4/4
    45 | D        | Killed an ogre
    46 | D        | Reached skill level 10 in Polearms
    46 | D        | Reached XP level 6. HP: 34/62 MP: 5/5
    52 | D        | Found a snail-covered altar of Cheibriados.
    52 | D        | Found a shadowy altar of Dithmenos.
    52 | D        | Found a white marble altar of Elyvilon.
    52 | D        | Found a blossoming altar of Fedhas.
    52 | D        | Found an opulent altar of Gozag.
    53 | D        | Found a hazy altar of Hepliaklqana.
    54 | D        | Found a viscous altar of Jiyva.
    55 | D        | Found an ancient bone altar of Kikubaaqudgha.
    56 | D        | Found a corrupted altar of Lugonu.
    57 | D        | Found a burning altar of Makhleb.
    58 | D        | Found a sparkling altar of Nemelex Xobeh.
    59 | D        | Found an iron altar of Okawaru.
    60 | D        | Found a stormy altar of Qazlal.
    61 | D        | Found a sacrificial altar of Ru.
    62 | D        | Found a shimmering blue altar of Sif Muna.
    63 | D        | Found a bloodstained altar of Trog.
    64 | D        | Found a hide-covered altar of Uskayaw.
    65 | D        | Found a radiant altar of Vehumet.
    66 | D        | Found an ornate altar of the Wu Jian Council.
    67 | D        | Found a shimmering altar of Xom.
    68 | D        | Found a basalt altar of Yredelemnul.
    69 | D        | Found a glowing silver altar of Zin.
    70 | D        | Found a glowing golden altar of the Shining One.
    94 | D        | Noticed a komodo dragon
    94 | D        | Noticed a troll
    94 | D        | Noticed a yak
    94 | D        | Noticed a two-headed ogre
    98 | D        | Slain by a two-headed ogre

Illustrated notes

Levels and vault maps discovered:
D:        linesprint [early_d, line_temple, items_1, d_10, items_2, lair_1,
          lair_end, items_3, orc_1, orc_end, items_4, d_15, swamp_1, shoals_1,
          snake_1, spider_1, d_20, vaults_1, items_5, swamp_end, shoals_end,
          snake_end, spider_end, vaults_end, d_27, items_6, zot_1, zot_end,
          crypt_end, forest_end, elf_end, slime_end, tomb_end, abyss_end,
          pan_hell_end]

Skill      XL: |  1  2  3  4  5 |
---------------+----------------+-----
Polearms       | 4 7 9 10 | 10.8
Fighting       | 4 6 7 8 |  8.3
Armour         | 4 6 7 8 |  8.3
Shields        | |  3.6

Action                     |  1- 3 |  4- 6 || total
---------------------------+-------+-------++-------
  Melee: Trident           |    21 |    21 ||    42
         Headbutt          |     2 |     5 ||     7
    Use: Scroll            |     1 |       ||     1
 Armour: Scale mail        |    10 |    14 ||    24
  Dodge: Dodged            |    10 |     5 ||    15
  Block: Buckler           |     1 |     6 ||     7
